 Dungeon Crawl Stone Soup version 0.30.0-15-g856e2d3f33 (webtiles) character file.

Game seed: 2473722510732136629

205 CaptainMV the Sneak (level 5, 0/39 HPs)
             Began as a Demonspawn Wanderer on May 18, 2023.
             Slain by Robin
             ... wielding a +1 heavy mace
              (10 damage)
             ... on level 4 of the Dungeon.
             The game lasted 00:15:05 (1819 turns).

CaptainMV the Sneak (Demonspawn Wanderer)           Turns: 1819, Time: 00:15:06

Health: 0/39       AC:  6    Str: 11    XL:     5   Next: 52%
Magic:  5/5        EV: 12    Int: 10    God:
Gold:   144        SH:  0    Dex: 19    Spells: 4/4 levels left

rFire   . . .        a - +5 dagger (drain)
rCold   . . .        (no shield)
rNeg    . . .        f - +0 robe
rPois   .            (no helmet)
rElec   .            l - +2 cloak
rCorr   .            s - +0 pair of gloves
SInv    .            (no boots)
Will    .....        (no amulet)
Stlth   +++          (no ring)
HPRegen 0.26/turn    (no ring)
MPRegen 0.18/turn

%: no passive effects
@: no status effects
A: claws 2, magic regeneration
a: no special abilities


You were on level 4 of the Dungeon.
You visited 1 branch of the dungeon, and saw 4 of its levels.

You collected 144 gold pieces.

Inventory:

Hand Weapons
 a - a +5 dagger of draining (weapon)
 b - a +0 sling
 d - a +0 falchion
 h - a +1 dagger
 A - a +2 short sword of speed
Missiles
 c - a datura-tipped dart
 k - 2 atropa-tipped darts (quivered)
 t - 4 poisoned darts
Armour
 f - a +0 robe (worn)
 l - a +2 cloak (worn)
 s - a +0 pair of gloves (worn)
Magical Staves
 C - a staff of earth
Jewellery
 u - a ring of wizardry
Wands
 i - a wand of mindburst (22)
 z - a wand of flame (30)
Scrolls
 e - a scroll of fear
 g - a scroll of magic mapping
 n - a scroll of teleportation {unknown}
 q - a scroll of silence {unknown}
 v - a scroll of butterflies {unknown}
 y - a scroll of blinking {unknown}
Potions
 j - a potion of resistance {unknown}
 m - a potion of lignification {unknown}
 o - a potion of might {unknown}
 p - a potion of flight {unknown}
 r - a potion of cancellation {unknown}
 w - 2 potions of degeneration {unknown}
 x - a potion of magic {unknown}
 B - a potion of heal wounds {unknown}


   Skills:
 + Level 2.5 Fighting
 + Level 3.0(3.2) Short Blades
 + Level 1.8(2.7) Long Blades
 + Level 1.0 Armour
 + Level 1.3 Dodging
 + Level 4.9 Stealth
 - Level 0.1 Spellcasting
 + Level 1.0 Evocations


You had 4 spell levels left.
You didn't know any spells.
Your spell library was empty.

Dungeon Overview and Level Annotations

Branches:
Dungeon (4/15)             Temple (0/1) D:4

Altars:

Annotations:
D:4 Robin


Innate Abilities, Weirdness & Mutations

You have very sharp fingernails.
You regenerate magic rapidly.


Message History

The hobgoblin closely misses you. The goblin hits you but does no damage.
Robin of the Strong Arm comes into view.
They are wielding a +1 heavy mace.
Items here: )))) ††††.
Robin shouts!
You hit the hobgoblin.
You kill the hobgoblin!
Your Short Blades skill increases to level 3!
You hit the goblin.
You kill the goblin!
The goblin barely misses you.
Robin roars a battlecry!
The goblin goes into a battle-frenzy!
You hear a shout!
A goblin comes into view. It is wielding a +0 club.
The goblin hits you with a +0 club. Robin hits you with a +1 heavy mace!
Items here: )) ††.
You barely miss Robin. The goblin barely misses you.
You hit Robin.
Robin is lightly wounded.
Robin throws the goblin at you! The goblin hits you with a +0 club.
The goblin closely misses you.
You completely miss Robin.
Robin is lightly wounded.
Robin hits you with a +1 heavy mace!
* * * LOW HITPOINT WARNING * * *
The goblin hits you but does no damage. The goblin misses you.
You hit Robin.
Robin is lightly wounded.
The goblin barely misses you. x2; Robin barely misses you.
You hit Robin.
Robin is lightly wounded.
You hit Robin. You drain Robin.
Robin is severely wounded.
The goblin barely misses you. The goblin misses you.
You closely miss Robin.
Robin is severely wounded.
The goblin closely misses you. The goblin hits you with a +0 club.
* * * LOW HITPOINT WARNING * * *
Robin hits you with a +1 heavy mace!
You die...

#### ##### ..... ...#
#.....######.###########
......g@g..........<....
.......g####..##########
#......⌠. ##.#
.......... #... .### ##
.....⌠.>.⌠. ##....... ..
............ ........##
..##...⌠..... ..####..#
.. ##..........)# #...#
#...


You could see Robin (very drained) and 2 goblins.

Vanquished Creatures
  An ogre (D:4)
  5 adders
  A worm (D:2)
  A dart slug (D:2)
  6 orcs (D:3)
  6 bats
  5 endoplasms
  5 giant cockroaches
  9 goblins
  12 hobgoblins
  2 kobolds
  A quokka (D:3)
  4 ball pythons
  3 frilled lizards
  4 rats
65 creatures vanquished.

Notes
Turn   | Place    | Note
-------+----------+-------------------------------------------
     0 | D:1      | CaptainMV the Demonspawn Wanderer began the quest for the
                  | Orb.
     0 | D:1      | CaptainMV set off with the following items: a +1 dagger, 2
                  | atropa-tipped darts, a datura-tipped dart, a +0 falchion, a
                  | scroll of fear, a +0 robe.
     0 | D:1      | Reached XP level 1. HP: 16/16 MP: 1/1
   161 | D:1      | Reached skill level 4 in Stealth
   399 | D:1      | Discovered your monstrous ancestry.
   399 | D:1      | Gained mutation: You have sharp fingernails. [demonic
                  | ancestry]
   399 | D:1      | Reached XP level 2. HP: 22/22 MP: 2/2
   772 | D:2      | Reached skill level 1 in Short Blades
   772 | D:2      | Gained mutation: You have very sharp fingernails. [demonic
                  | ancestry]
   772 | D:2      | Reached XP level 3. HP: 22/27 MP: 3/3
  1379 | D:3      | Reached XP level 4. HP: 18/33 MP: 4/4
  1720 | D:4      | Noticed an ogre
  1726 | D:4      | Killed an ogre
  1727 | D:4      | Reached skill level 1 in Dodging
  1727 | D:4      | Gained mutation: You regenerate magic rapidly. [demonic
                  | ancestry]
  1727 | D:4      | Reached XP level 5. HP: 39/39 MP: 5/5
  1809 | D:4      | Found a staircase to the Ecumenical Temple.
  1809 | D:4      | Noticed Robin
  1819 | D:4      | Slain by Robin

Illustrated notes

Levels and vault maps discovered:
D:1:      dpeg_arrival_stone_temple_mockup, layout_basic, chequers_mini_garden,
          hangedman_feature_mirror
D:2:      layout_loops_ring, hangedman_feature_mirror, minmay_misc_feat_pillars
D:3:      minmay_angry_zag, layout_loops_ring, nicolae_figureground_pulse
D:4:      layout_basic, temple_fountains, lightli_corner_chamber, uniq_robin,
          uniq_menkaure

Skill      XL: |  1  2  3  4  5 |
---------------+----------------+-----
Stealth        | 4 |  4.9
Short Blades   | 1 2 3 |  3.0
Dodging        | 1 |  1.3
Fighting       | |  2.5
Long Blades    | |  1.8
Armour         | |  1.0
Spellcasting   | |  0.1
Evocations     | |  1.0

Action                     |  1- 3 |  4- 6 || total
---------------------------+-------+-------++-------
  Melee: Short sword       |    96 |    19 ||   115
         Dagger            |     6 |    53 ||    59
  Throw: Dart              |       |     1 ||     1
    Use: Scroll            |     2 |       ||     2
   Stab: Sleeping          |    12 |     5 ||    17
         Invisible         |       |     2 ||     2
 Armour: Robe              |    22 |    29 ||    51
  Dodge: Dodged            |    54 |    36 ||    90
